 Dungeon Crawl Stone Soup version 0.22-a0-247-gbddf880 (webtiles) character file.

4662 Azzok the Geomancer (level 10, -3/63 HPs)
             Began as a Gargoyle Earth Elementalist on Feb 27, 2018.
             Was a Follower of Vehumet.
             Slain by a death yak (20 damage)
             ... on level 8 of the Dungeon.
             The game lasted 00:18:14 (9429 turns).

Azzok the Geomancer (Gargoyle Earth Elementalist)   Turns: 9429, Time: 00:18:15

Health: -3/63      AC: 12    Str: 13    XL:     10   Next: 43%
Magic:  12/17      EV: 12    Int: 18    God:    Vehumet [*.....]
Gold:   309        SH:  0    Dex: 10    Spells: 7/19 levels left

rFire    . . .     SeeInvis .   t - +3 quarterstaff (chaos)
rCold    . . .     Gourm    .   (shield currently unavailable)
rNeg     + . .     Faith    .   c - +0 robe
rPois    ∞         Spirit   .   g - +0 helmet
rElec    +         Reflect  .   u - +0 cloak
rCorr    .         Harm     .   q - +0 pair of gloves {archery}
MR       .....                  (no boots)
Stlth    ++........             a - amulet of the acrobat
HPRegen  0.20/turn              (no ring)
MPRegen  0.15/turn              (no ring)

@: no status effects
A: negative energy resistance 1, electricity resistance, unbreathing,
petrification resistance, rot immunity, AC +7
a: Renounce Religion


You were on level 8 of the Dungeon.
You worshipped Vehumet.
Vehumet was aware of your devotion.
You were not hungry.

You visited 2 branches of the dungeon, and saw 9 of its levels.

You collected 309 gold pieces.

Inventory:

Hand Weapons
 t - a +3 quarterstaff of chaos (weapon)
Missiles
 b - 238 stones (quivered)
Armour
 c - a +0 robe (worn)
 g - a +0 helmet (worn)
 q - a +0 pair of gloves of archery (worn)
 u - a +0 cloak (worn)
Jewellery
 a - an amulet of the acrobat (around neck)
Wands
 h - a wand of scattershot (4)
 x - a wand of digging (15)
Scrolls
 f - 4 scrolls of teleportation
 i - 2 scrolls of amnesia
 m - 4 scrolls of enchant weapon
 r - a scroll of immolation
 y - a scroll of remove curse
 B - a scroll of silence {unknown}
 D - a scroll of identify
Potions
 e - a potion of degeneration {unknown}
 j - a potion of agility {unknown}
 k - 2 potions of lignification {unknown}
 l - 2 potions of mutation {unknown}
 n - a potion of resistance {unknown}
 o - a potion of might {unknown}
 p - a potion of ambrosia {unknown}
 s - a potion of curing {unknown}
 v - a potion of brilliance {unknown}
 w - a potion of flight {unknown}
 A - a potion of heal wounds {unknown}
 C - a potion of cancellation {unknown}
 E - a potion of magic {unknown}
Comestibles
 d - 12 rations


   Skills:
 + Level 7.6 Fighting
 - Level 2.0 Dodging
 - Level 2.6 Stealth
 - Level 5.0 Spellcasting
 + Level 9.0 Conjurations
   Level 0.7 Transmutations
 + Level 10.9 Earth Magic


You had 7 spell levels left.
You knew the following spells:

 Your Spells              Type           Power        Failure   Level  Hunger
a - Sandblast             Erth           #####.       1%          1    None
b - Stone Arrow           Conj/Erth      #####.       1%          3    ##.....
c - Lee's Rapid Deconstr  Erth           #####.....   4%          5    ######.
d - Ozocubu's Armour      Chrm/Ice       #.......     36%         3    ##.....


Dungeon Overview and Level Annotations

Branches:
Dungeon (8/15)             Temple (1/1) D:7
   Lair: D:8-11

Altars:
Ashenzari
Cheibriados
Elyvilon
Fedhas
Hepliaklqana
Kikubaaqudgha
Nemelex Xobeh
Okawaru
Qazlal
Ru
Sif Muna
Trog
Uskayaw
Vehumet
Wu Jian
Xom
Yredelemnul
Zin
The Shining One

Annotations:
D:5 2 runed doors


Innate Abilities, Weirdness & Mutations

You are resistant to torment.
Your stone body is resilient. (AC +7)
You are immune to poison.
You resist negative energy. (rN+)
You are resistant to electric shocks. (rElec)
You can survive without breathing.
You are immune to petrification.
You are immune to rotting.


Message History

Casting: Sandblast (safe; 1% risk of failure)
Confirm with . or Enter, or press ? or * to list all spells.
Aiming: Sandblast (safe; 1% risk of failure)
Press: ? - help, Shift-Dir - straight line, f/p - death yak
Aim: a death yak (heavily wounded)
The blast of sand hits the death yak.
The death yak is heavily wounded.
b - 239 stones The death yak gores you.
* * * LOW HITPOINT WARNING * * *
Casting: Sandblast (safe; 1% risk of failure)
Confirm with . or Enter, or press ? or * to list all spells.
Aiming: Sandblast (safe; 1% risk of failure)
Press: ? - help, Shift-Dir - straight line, f/p - death yak
Aim: a death yak (heavily wounded)
The blast of sand hits the death yak.
The death yak is heavily wounded.
b - 238 stones The death yak gores you!!
You die...

▒Y▒·▒▒
▒▒▒▒▒▒▒▒·····
·············
▒▒▒▒▒▒▒▒·····
▒▒▒▒▒▒▒▒o·▒▒
▒·▒▒▒▒······Y··▒▒
▒········Y·▒···††
▒▒▒▒▒▒▒·▒▒▒·▒··>▒▒
▒@▒ ▒·▒ ▒·▒·····
▒Y▒ ▒)▒ ▒▒▒▒···▒
▒·▒ ▒Y▒ ▒E▒···▒
▒·▒ ▒·▒ ▒▒▒▒···▒
▒·▒▒▒▒▒·▒ ▒·······
▒···Y···▒ ▒····_··
▒▒▒▒▒▒▒▒▒ ▒·······
▒▒▒▒···▒ ▒E▒···▒


You could see a death yak.

Vanquished Creatures
  The ghost of Ratty the Thaumaturge, a novice DEFE of Ru (D:7)
  Grinder (D:6)
  Prince Ribbit (D:5)
  Sigmund (D:4)
  2 yaks (D:8)
  Menkaure (D:5)
  The ghost of Ratty the Firebug, an amateur DEFE of Sif Muna (D:4)
  Duvessa (D:6)
  2 orc warriors
  A sky beast (D:7)
  3 phantoms
  A black bear (D:7)
  An ice beast (D:6)
  5 centaurs
  2 ogres
  A big kobold (D:7)
  2 bullfrogs
  Blork the orc (D:5)
  Dowan (D:6)
  A scorpion (D:4)
  8 killer bees
  2 crimson imps
  A bullfrog zombie (D:7)
  A centaur zombie (D:5)
  2 hounds
  Crazy Yiuf (D:3)
  2 jellies (D:6)
  3 orc priests
  3 iguanas
  8 orc wizards
  Ijyb (D:5)
  5 worker ants
  2 worker ant zombies (D:6)
  3 gnolls (D:1)
  7 adders
  2 shadow imps
  2 oozes
  An adder skeleton (D:5)
  3 worms
  2 dart slugs
  5 leopard geckos
  25 orcs
  3 giant cockroaches
  5 goblins
  5 hobgoblins
  4 jackals (D:6)
  10 kobolds
  A quokka (D:7)
  2 ball pythons
  5 bats
  4 frilled lizards
  13 rats
171 creatures vanquished.

Vanquished Creatures (others)
  A shadow imp (D:6)
1 creature vanquished.

Grand Total: 172 creatures vanquished

Notes
Turn   | Place    | Note
-------+----------+-------------------------------------------
     0 | D:1      | Azzok the Gargoyle Earth Elementalist began the quest for the Orb.
     0 | D:1      | Reached XP level 1. HP: 10/10 MP: 3/3
   134 | D:1      | Reached XP level 2. HP: 9/15 MP: 3/5
   934 | D:1      | Reached skill level 4 in Earth Magic
  1210 | D:2      | Reached XP level 3. HP: 19/19 MP: 2/6
  1218 | D:2      | Learned a level 3 spell: Stone Arrow
  1428 | D:2      | Found an ancient bone altar of Kikubaaqudgha.
  1628 | D:1      | Reached XP level 4. HP: 11/24 MP: 1/8
  2103 | D:2      | Found a white marble altar of Elyvilon.
  2345 | D:2      | Found a shimmering altar of Xom.
  2623 | D:2      | Found a faded altar of an unknown god.
  2982 | D:3      | Reached skill level 5 in Earth Magic
  3244 | D:3      | Reached XP level 5. HP: 28/28 MP: 2/9
  3576 | D:3      | Found a runed door.
  3580 | D:3      | Noticed Crazy Yiuf
  3584 | D:3      | Killed Crazy Yiuf
  3584 | D:3      | Reached skill level 1 in Conjurations
  3961 | D:4      | Noticed Ratty's ghost (amateur DEFE)
  4020 | D:4      | Noticed Sigmund
  4027 | D:4      | Killed Sigmund
  4027 | D:4      | Reached skill level 6 in Earth Magic
  4027 | D:4      | Reached XP level 6. HP: 23/32 MP: 3/12
  4429 | D:4      | Reached XP level 7. HP: 36/36 MP: 5/13
  4604 | D:4      | Killed Ratty's ghost
  4695 | D:5      | Entered Level 5 of the Dungeon
  5167 | D:5      | Noticed Ijyb
  5179 | D:5      | Killed Ijyb
  5282 | D:5      | Reached skill level 7 in Earth Magic
  5409 | D:5      | Reached skill level 5 in Spellcasting
  5411 | D:5      | Found a runed door.
  5433 | D:5      | Found a runed door.
  5471 | D:5      | Reached XP level 8. HP: 40/41 MP: 15/15
  5510 | D:5      | Noticed Menkaure
  5514 | D:5      | Killed Menkaure
  5514 | D:5      | Reached skill level 1 in Fighting
  5514 | D:5      | Reached skill level 5 in Conjurations
  5716 | D:5      | Noticed Prince Ribbit
  5722 | D:5      | Killed Prince Ribbit
  5722 | D:5      | Reached skill level 8 in Earth Magic
  5880 | D:5      | Noticed Blork the orc
  5962 | D:5      | Killed Blork the orc
  5992 | D:5      | Found a deep blue altar of Sif Muna.
  6290 | D:6      | Noticed Grinder
  6295 | D:6      | Paralysed by Grinder for 4 turns
  6490 | D:6      | Killed Grinder
  6490 | D:6      | Reached XP level 9. HP: 52/52 MP: 5/16
  6577 | D:6      | Found a hazy altar of Hepliaklqana.
  6670 | D:6      | Reached skill level 9 in Earth Magic
  6785 | D:6      | Noticed Duvessa
  6804 | D:6      | Killed Duvessa
  6808 | D:6      | Noticed Dowan
  6827 | D:6      | Killed Dowan
  7010 | D:5      | Reached skill level 5 in Fighting
  7172 | D:6      | Found a stormy altar of Qazlal.
  7825 | D:7      | Found a staircase to the Ecumenical Temple.
  7844 | Temple   | Entered the Ecumenical Temple
  7853 | Temple   | Became a worshipper of Vehumet
  7871 | D:7      | Learned a level 5 spell: Lee's Rapid Deconstruction
  7875 | D:7      | Learned a level 3 spell: Ozocubu's Armour
  7904 | D:7      | Reached skill level 10 in Earth Magic
  7988 | D:7      | Found a blossoming altar of Fedhas.
  8275 | D:7      | Noticed Ratty's ghost (novice DEFE)
  8341 | D:7      | Killed Ratty's ghost
  8341 | D:7      | Reached XP level 10. HP: 61/61 MP: 4/17
  8436 | D:7      | Found a basalt altar of Yredelemnul.
  8679 | D:7      | Found an iron altar of Okawaru.
  8952 | D:8      | Reached * piety under Vehumet
  8952 | D:8      | Offered knowledge of Sting by Vehumet.
  9048 | D:8      | Found a stormy altar of Qazlal.
  9304 | D:8      | Noticed a death yak
  9429 | D:8      | Slain by a death yak

Vault maps used:
D:1:      lightli_arrival_boilingwater, serial_bayou_lake_a
D:2:      nicolae_overflow_crystal_walls, marbit_many_paths, lemuel_round_altar,
          chequers_ecumenical_altar_twisty
D:3:      uniq_crazy_yiuf_cottage
D:4:      uniq_sigmund
D:5:      lemuel_insect_pit, tgw_sif, first_ration, grunt_ministairs_7,
          uniq_ijyb, uniq_menkaure, uniq_prince_ribbit1
D:6:      lemuel_round_altar, serial_glass, glass_columns_b, glass_columns_a,
          basic_altar, uniq_duvessa, uniq_grinder
D:7:      lemuel_doored_altar, kennysheep_little_box,
          minmay_temple_entry_large_hall, grunt_ogre_cave,
          minmay_misc_feat_doors, minmay_ruined_shrine
D:8:      cheibrodos_wizards_tower, nicolae_qazlal_style_of_elements,
          dpeg_lair_monsters, uniq_psyche
Temple:   eino_temple_lava

Skill      XL: |  1  2  3  4  5  6  7  8  9 10 |
---------------+-------------------------------+-----
Dodging        | 2 |  2.0
Earth Magic    | 4 5 6 7 8 10 | 10.9
Spellcasting   | 3 4 5 |  5.0
Conjurations   | 2 3 4 6 8 9 |  9.0
Fighting       | 4 6 7 |  7.6
Stealth        | |  2.6
Transmutations | |  0.7

Action                   |  1- 3 |  4- 6 |  7- 9 | 10-12 || total
-------------------------+-------+-------+-------+-------++-------
Melee: Unarmed           |   103 |    39 |       |       ||   142
       Spear             |       |    53 |       |       ||    53
       Quarterstaff      |       |    16 |   116 |    34 ||   166
 Cast: Sandblast         |    20 |    17 |    25 |     5 ||    67
       Stone Arrow       |     4 |    27 |   103 |    31 ||   165
       Lee's Rapid Decon |       |       |     2 |       ||     2
  Use: Scroll            |       |       |     6 |       ||     6
 Stab: Sleeping          |       |     3 |       |       ||     3
       Petrified         |       |       |     1 |       ||     1
       Paralysed         |       |       |     1 |       ||     1
  Eat: Chunk             |     3 |    12 |    19 |     4 ||    38
       Ration            |       |       |       |     1 ||     1
Armor: Robe              |    57 |    50 |    76 |    34 ||   217
Dodge: Dodged            |    94 |    91 |   117 |    44 ||   346

Table legend:
 A = Spawn XP
 B = Non-spawn XP
 C = Spawn XP percentage of total XP
 D = Spawn monster count
 E = Non-spawn monster count
 F = Spawn count percentage of total count
 G = Total turns spent on level
                    A         B        C        D         E        F      G
               +---------+---------+-------+---------+---------+-------+---------
         Total |       0 |    6660 |   0.0 |       0 |     172 |   0.0 |  9429
               +---------+---------+-------+---------+---------+-------+---------
           D:1 |       0 |      88 |   0.0 |       0 |      25 |   0.0 |  1533
           D:2 |       0 |      53 |   0.0 |       0 |      13 |   0.0 |  1308
           D:3 |       0 |      86 |   0.0 |       0 |      20 |   0.0 |  1017
           D:4 |       0 |     668 |   0.0 |       0 |      12 |   0.0 |   837
           D:5 |       0 |    1272 |   0.0 |       0 |      30 |   0.0 |  1812
           D:6 |       0 |    1147 |   0.0 |       0 |      21 |   0.0 |   953
           D:7 |       0 |    2525 |   0.0 |       0 |      41 |   0.0 |  1512
           D:8 |       0 |     821 |   0.0 |       0 |      10 |   0.0 |   437
               +---------+---------+-------+---------+---------+-------+---------
